 Dungeon Sprint DCSS version 0.26-a0-710-g95a0c6c400 (webtiles) character file.

Game seed: 12929429355837971550

25025 mhtbhm the Phalangite (level 12, -4/129 HPs)
             Began as a Purple Draconian Berserker on Oct 30, 2020.
             Was the Champion of Trog.
             Slain by a mana viper (9 damage)
             ... in the Dungeon (Sprint IX: "|||||||||||||||||||||||||||||").
             The game lasted 00:05:46 (3351 turns).

mhtbhm the Phalangite (Purple Draconian Berserker)  Turns: 3351, Time: 00:05:47

Health: -4/129     AC: 12    Str: 25    XL:     12   Next: 85%
Magic:  8/12       EV: 20    Int:  7    God:    Trog [******]
Gold:   1071       SH:  0    Dex: 11    Spells: 11/11 levels left

rFire    . . .     SeeInvis +   a - +4 glaive (vorpal)
rCold    . . .     Faith    .   (shield currently unavailable)
rNeg     . . .     Spirit   .   (armour unavailable)
rPois    .         Reflect  .   (helmet restricted)
rElec    .         Harm     .   (no cloak)
rCorr    .         Rampage  .   A - +2 pair of gloves {archery}
MR       +....     NoTele   +   l - +0 pair of boots
Stlth    +++.......             (no amulet)
HPRegen  0.31/turn              m - +2 ring of evasion
MPRegen  0.13/turn              z - ring of see invisible

@: lethally poisoned (-4 -> -7), berserk cooldown, slowed, very slow
A: breathe power, unfitting armour, cold-blooded, AC +8
a: Breathe Dispelling Energy, Berserk, Trog's Hand, Brothers in Arms, Renounce
Religion


You were in the Dungeon.
You worshipped Trog.
Trog was exalted by your worship.
You visited 1 branch You collected 1914 gold pieces.
You spent 843 gold pieces at shops.

Inventory:

Hand Weapons
 a - a +4 vorpal glaive (weapon)
Armour
 l - a +0 pair of boots (worn)
 A - a +2 pair of gloves of archery (worn)
Jewellery
 m - a +2 ring of evasion (left hand)
 x - an uncursed ring of protection from magic
 z - a ring of see invisible (right hand)
Wands
 j - a wand of iceblast (7)
Scrolls
 g - 6 scrolls of blinking
 i - 4 scrolls of remove curse
 p - 3 scrolls of fog
 q - 2 scrolls of fear
 r - 6 scrolls of enchant armour
 s - 2 scrolls of enchant weapon
 t - a scroll of magic mapping
 u - a scroll of immolation
 v - 3 scrolls of identify
Potions
 b - 2 potions of curing
 c - 7 potions of heal wounds
 d - 4 potions of haste
 e - 4 potions of magic
 f - a potion of berserk rage
 h - a potion of invisibility
 k - a potion of resistance
 o - 2 potions of might


   Skills:
 + Level 18.9 Fighting
 + Level 22.8 Polearms
 + Level 12.2 Dodging
 + Level 5.8 Stealth
 + Level 2.1 Evocations


You had 11 spell levels left.
You didn't know any spells.
Your spell library was empty.

Dungeon Overview and Level Annotations

Branches:
Dungeon (1/1)

Altars:
Cheibriados
Dithmenos
Elyvilon
Fedhas
Gozag
Hepliaklqana
Kikubaaqudgha
Makhleb
Nemelex Xobeh
Okawaru
Qazlal
Ru
Sif Muna
Trog
Uskayaw
Vehumet
Wu Jian
Xom
Yredelemnul
Zin
The Shining One
Beogh
Jiyva
Lugonu

Shops:
D (?[?


Innate Abilities, Weirdness & Mutations

You can breathe bolts of dispelling energy.
Your rich purple scales are hard. (AC +8)
You cannot fit into any form of body armour.
You are cold-blooded and may be slowed by cold attacks.


Message History

The iceblast engulfs the mana viper!
The mana viper is moderately wounded.
You feel sick.
Unknown command.
Unknown command.
You carve the naga ritualist like a ham!!!
You kill the naga ritualist!
Trog accepts your kill.
Trog appreciates your killing of a magic user.
You feel sick. The mana viper barely misses you.
Unknown command.
You slice the mana viper!!
The mana viper is severely wounded.
You feel sick. The mana viper bites you.
* * * LOW HITPOINT WARNING * * *
You feel your power leaking away.
You slash the mana viper!
The mana viper is almost dead.
You feel sick. The mana viper misses you. The mana viper bites you!
You die...

.▓.▓.▓.▓.▓.▓'▓.▓.▓
)▓.▓.▓.▓.▓.▓.▓.▓.▓
)▓.▓.▓.▓.▓.▓.▓.▓.▓
.▓.▓.▓.▓.▓.▓.▓.▓.▓
.▓.▓!▓.▓)▓.▓.▓.▓.▓
.▓.▓|▓.▓.▓.▓.▓.▓.▓
.▓.▓(▓.▓)▓.▓)▓.▓)▓
'▓.▓.▓.▓[▓.▓)▓.▓)▓
_▓.▓.▓.▓)▓.▓)▓.▓@▓
_▓.▓.▓)▓.▓.▓)▓.▓S▓
_▓.▓.▓.▓)▓.▓)▓.▓)▓
_▓.▓.▓.▓.▓.▓)▓.▓)▓
_▓.▓)▓.▓.▓.▓)▓.▓)▓
_▓.▓.▓.▓.▓.▓)▓.▓.▓
_▓.▓.▓.▓)▓.▓.▓.▓.▓
_▓.▓.▓.▓.▓.▓[▓.▓.▓
_▓.▓.▓.▓)▓.▓[▓.▓+▓


You could see a mana viper.

Vanquished Creatures
  A stone giant (D)
  3 ettins (D)
  A fire dragon (D)
  A great orb of eyes (D)
  A hydra (D)
  A centaur warrior (D)
  A naga warrior (D)
  2 ogre magi (D)
  A tengu warrior (D)
  A shock serpent (D)
  2 iron trolls (D)
  An unseen horror (D)
  3 deep trolls (D)
  3 naga ritualists (D)
  An orc knight (D)
  An ugly thing (D)
  An orc sorcerer (D)
  A wolf spider (D)
  A manticore (D)
  A cyclops (D)
  Joseph (D)
  2 naga magi (D)
  A gargoyle (D)
  6 cane toads (D)
  A rime drake (D)
  5 trolls (D)
  A hornet (D)
  A blink frog (D)
  A yak (D)
  2 wargs (D)
  A naga (D)
  3 hell hounds (D)
  5 orc warriors (D)
  3 water moccasins (D)
  An ice beast (D)
  3 ogres (D)
  5 wolves (D)
  A big kobold (shapeshifter) (D)
  A big kobold (D)
  3 bullfrogs (D)
  A scorpion (D)
  3 orc priests (D)
  5 orc wizards (D)
  A shadow imp (D)
  An ooze (D)
  A worm (D)
  7 orcs (D)
  A giant cockroach (D)
  A jackal (D)
  2 kobolds (D)
98 creatures vanquished.

Vanquished Creatures (collateral kills)
  A great orb of eyes (D)
  An orc knight (D)
  An ugly thing (D)
  A shadow (D)
  2 yaks (D)
  A water moccasin (D)
  4 orc warriors (D)
  An orc (D)
12 creatures vanquished.

Grand Total: 110 creatures vanquished

Notes
Turn   | Place    | Note
-------+----------+-------------------------------------------
     0 | D        | mhtbhm the Draconian Berserker began the quest for the Orb.
     0 | D        | Reached XP level 1. HP: 19/19 MP: 1/1
    16 | D        | Reached ** piety under Trog
    20 | D        | Reached XP level 2. HP: 22/27 MP: 2/2
    95 | D        | Noticed an ogre
    95 | D        | Noticed an ogre
    95 | D        | Noticed a scorpion
    98 | D        | Killed an ogre
    98 | D        | Reached skill level 5 in Polearms
    98 | D        | Reached skill level 5 in Dodging
    98 | D        | Reached XP level 3. HP: 38/38 MP: 3/3
    98 | D        | Reached XP level 4. HP: 45/45 MP: 4/4
   104 | D        | Reached *** piety under Trog
   104 | D        | Reached skill level 6 in Polearms
   111 | D        | Killed an ogre
   111 | D        | Reached skill level 7 in Polearms
   111 | D        | Reached XP level 5. HP: 44/53 MP: 5/5
   117 | D        | Reached **** piety under Trog
   126 | D        | Found a roughly hewn altar of Beogh.
   126 | D        | Found a snail-covered altar of Cheibriados.
   126 | D        | Found a shadowy altar of Dithmenos.
   126 | D        | Found a white marble altar of Elyvilon.
   126 | D        | Found a blossoming altar of Fedhas.
   126 | D        | Found an opulent altar of Gozag.
   127 | D        | Found a hazy altar of Hepliaklqana.
   128 | D        | Found a viscous altar of Jiyva.
   129 | D        | Found an ancient bone altar of Kikubaaqudgha.
   130 | D        | Found a corrupted altar of Lugonu.
   131 | D        | Found a burning altar of Makhleb.
   132 | D        | Found a sparkling altar of Nemelex Xobeh.
   133 | D        | Found an iron altar of Okawaru.
   134 | D        | Found a stormy altar of Qazlal.
   135 | D        | Found a sacrificial altar of Ru.
   136 | D        | Found a shimmering blue altar of Sif Muna.
   137 | D        | Found a bloodstained altar of Trog.
   138 | D        | Found a hide-covered altar of Uskayaw.
   139 | D        | Found a radiant altar of Vehumet.
   140 | D        | Found an ornate altar of the Wu Jian Council.
   141 | D        | Found a shimmering altar of Xom.
   142 | D        | Found a basalt altar of Yredelemnul.
   143 | D        | Found a glowing silver altar of Zin.
   144 | D        | Found a glowing golden altar of the Shining One.
   336 | D        | Noticed an ogre
   336 | D        | Noticed an ice beast
   340 | D        | Killed an ogre
   340 | D        | Reached skill level 8 in Polearms
   340 | D        | Reached XP level 6. HP: 63/63 MP: 6/6
   342 | D        | Killed an ice beast
   342 | D        | Reached skill level 9 in Polearms
   345 | D        | Reached ***** piety under Trog
   351 | D        | Reached skill level 10 in Fighting
   351 | D        | Your scales start taking on a rich purple colour.
   351 | D        | Reached XP level 7. HP: 72/72 MP: 7/7
   391 | D        | Noticed a centaur warrior
   391 | D        | Noticed a hornet
   391 | D        | Noticed a yak
   391 | D        | Noticed a shadow
   399 | D        | Killed a centaur warrior
   399 | D        | Reached skill level 11 in Polearms
   399 | D        | Reached XP level 8. HP: 51/82 MP: 8/8
   402 | D        | Killed a hornet
   402 | D        | Reached skill level 12 in Polearms
   765 | D        | Noticed a cane toad
   765 | D        | Noticed a cane toad
   765 | D        | Noticed a blink frog
   767 | D        | Received a gift from Trog
   772 | D        | Killed a cane toad
   772 | D        | Reached skill level 13 in Polearms
   772 | D        | Reached skill level 10 in Dodging
   772 | D        | Reached XP level 9. HP: 91/91 MP: 9/9
   776 | D        | Killed a cane toad
   780 | D        | Reached skill level 14 in Polearms
  1047 | D        | Noticed a cane toad
  1047 | D        | Noticed a cane toad
  1047 | D        | Noticed a cane toad
  1047 | D        | Noticed a cane toad
  1049 | D        | Killed a cane toad
  1051 | D        | Received a gift from Trog
  1051 | D        | Reached skill level 15 in Polearms
  1051 | D        | Reached skill level 1 in Stealth
  1053 | D        | Killed a cane toad
  1055 | D        | Noticed a rime drake
  1057 | D        | Killed a cane toad
  1057 | D        | Reached XP level 10. HP: 102/102 MP: 10/10
  1060 | D        | Killed a cane toad
  1066 | D        | Received a gift from Trog
  1066 | D        | Reached ****** piety under Trog
  1066 | D        | Reached skill level 16 in Polearms
  1334 | D        | Noticed Joseph
  1342 | D        | Killed Joseph
  1342 | D        | Reached skill level 17 in Polearms
  1519 | D        | Noticed an ettin
  1527 | D        | Killed an ettin
  1527 | D        | Reached skill level 15 in Fighting
  1536 | D        | Received a gift from Trog
  1668 | D        | Noticed an orc sorcerer
  1670 | D        | Received a gift from Trog
  1676 | D        | Noticed an orc knight
  1683 | D        | Killed an orc sorcerer
  1683 | D        | Reached skill level 18 in Polearms
  1684 | D        | Noticed an orc knight
  1689 | D        | Received a gift from Trog
  1695 | D        | Killed an orc knight
  1695 | D        | Reached XP level 11. HP: 52/113 MP: 11/11
  1696 | D        | Killed an orc knight
  1912 | D        | Found Foiq's Weapon Emporium.
  1912 | D        | Noticed an iron troll
  1912 | D        | Noticed a deep troll
  1913 | D        | Noticed an ettin
  1917 | D        | Received a gift from Trog
  1921 | D        | Killed an iron troll
  1924 | D        | Killed a deep troll
  1924 | D        | Reached skill level 19 in Polearms
  1925 | D        | Noticed a deep troll
  1935 | D        | Killed an ettin
  1937 | D        | Killed a deep troll
  1938 | D        | Found Afai's Magic Scroll Shoppe.
  1940 | D        | Found Lozxokyf's Armour Emporium.
  1940 | D        | Noticed a deep troll
  1944 | D        | Received a gift from Trog
  1945 | D        | Noticed an ogre mage
  1948 | D        | Noticed an ettin
  1954 | D        | Killed a deep troll
  1954 | D        | Reached skill level 20 in Polearms
  1959 | D        | HP: 3/114 [ettin/+0 dire flail (17)]
  2121 | D        | Killed an ettin
  2121 | D        | Reached skill level 1 in Evocations
  2444 | D        | Killed an ogre mage
  2533 | D        | Noticed an ogre mage
  2544 | D        | Killed an ogre mage
  2544 | D        | Received a gift from Trog
  2550 | D        | Noticed an iron troll
  2562 | D        | Killed an iron troll
  2580 | D        | Found Zigoarib's Magic Scroll Shoppe.
  2628 | D        | Bought a scroll of enchant weapon for 82 gold pieces
  2628 | D        | Bought a scroll of blinking for 82 gold pieces
  2628 | D        | Bought a scroll of magic mapping for 38 gold pieces
  2628 | D        | Bought a scroll of immolation for 38 gold pieces
  2628 | D        | Bought a scroll of identify for 22 gold pieces
  2632 | D        | Bought a scroll of enchant weapon for 105 gold pieces
  2632 | D        | Bought 2 scrolls of enchant armour for 210 gold pieces
  2632 | D        | Bought a scroll of enchant armour for 105 gold pieces
  2632 | D        | Bought a scroll of blinking for 105 gold pieces
  2632 | D        | Bought a scroll of fog for 28 gold pieces
  2632 | D        | Bought a scroll of identify for 28 gold pieces
  2832 | D        | Noticed a six-headed hydra
  2832 | D        | Noticed an unseen horror
  2832 | D        | Noticed a green ugly thing
  2840 | D        | Killed a nine-headed hydra
  2840 | D        | Reached skill level 21 in Polearms
  2840 | D        | Reached XP level 12. HP: 125/125 MP: 12/12
  2844 | D        | Noticed a fire dragon
  2845 | D        | Noticed a tengu warrior
  2847 | D        | Received a gift from Trog
  2849 | D        | Noticed a stone giant
  2851 | D        | Noticed a great orb of eyes
  2857 | D        | Killed a fire dragon
  2860 | D        | Killed a tengu warrior
  2860 | D        | Reached skill level 5 in Stealth
  2868 | D        | Killed a stone giant
  2868 | D        | Received a gift from Trog
  2868 | D        | Reached skill level 22 in Polearms
  2872 | D        | Killed a great orb of eyes
  2905 | D        | Noticed a great orb of eyes
  2917 | D        | Killed a great orb of eyes
  3315 | D        | Noticed a naga warrior
  3319 | D        | Received a gift from Trog
  3335 | D        | Killed a naga warrior
  3335 | D        | Received a gift from Trog
  3340 | D        | HP: 9/193 [naga ritualist/lance of force (16)]
  3342 | D        | HP: 3/129 [poisoned by a naga ritualist]
  3350 | D        | HP: 5/129 [mana viper (6)]
  3351 | D        | Slain by a mana viper

Illustrated notes

Levels and vault maps discovered:
D:        linesprint [early_d, line_temple, items_1, d_10, items_2, lair_1,
          lair_end, items_3, orc_1, orc_end, items_4, d_15, swamp_1, shoals_1,
          snake_1, spider_1, d_20, vaults_1, items_5, swamp_end, shoals_end,
          snake_end, spider_end, vaults_end, d_27, items_6, zot_1, zot_end,
          crypt_end, forest_end, elf_end, slime_end, tomb_end, abyss_end,
          pan_hell_end]

Skill      XL: |  1  2  3  4  5  6  7  8  9 10 11 12 |
---------------+-------------------------------------+-----
Dodging        | 3 5 6 7 8 9 10 11 12 | 12.2
Fighting       | 4 6 8 9 10 11 12 13 15 17 18 | 18.9
Polearms       | 5 7 8 9 11 13 15 18 21 22 | 22.8
Stealth        | 1 2 4 5 |  5.8
Evocations     | 1 2 |  2.1

Action                   |  1- 3 |  4- 6 |  7- 9 | 10-12 || total
-------------------------+-------+-------+-------+-------++-------
Melee: Spear             |    23 |    17 |       |       ||    40
       Tailslap          |     8 |     3 |     9 |    28 ||    48
       Halberd           |       |    13 |    39 |       ||    52
       Glaive            |       |       |     9 |   220 ||   229
Invok: Berserk           |     1 |     1 |     3 |     7 ||    12
       Brothers in Arms  |       |       |     2 |     3 ||     5
Evoke: Wand              |       |       |       |     3 ||     3
  Use: Potion            |       |       |     1 |     3 ||     4
       Scroll            |       |       |       |     1 ||     1
 Stab: Sleeping          |       |       |       |     1 ||     1
Armor: Skin              |     3 |     1 |     3 |    12 ||    19
Dodge: Dodged            |    10 |     8 |    23 |    96 ||   137

Table legend: (Time is in decaauts)
 A = Elapsed time spent in this place.
 B = Non-inter-level travel time spent in this place.
 C = Inter-level travel time spent in this place.
 D = Time resting spent in this place.
 E = Time spent auto-exploring this place.
 F = Levels seen in this place.
 G = Mean time per level.
                   A        B        C        D        E       F      G
               +--------+--------+--------+--------+--------+-----+--------+
         Total |   3350 |   3350 |      0 |   1610 |    669 |   1 | 3350.0 |
       Dungeon |   3350 |   3350 |      0 |   1610 |    669 |   1 | 3350.0 |
               +--------+--------+--------+--------+--------+-----+--------+

Top non-repeatable levels by time:
       D: 3350 daAuts
